 Dungeon Crawl Stone Soup version 0.28.0 (webtiles) character file.

Game seed: 17533473539038581866

90 Strat the Sneak (level 4, -1/32 HPs)
             Began as a Formicid Air Elementalist on Feb 8, 2022.
             Succumbed to an adder's poison
             ... on level 2 of the Dungeon.
             The game lasted 00:06:21 (3021 turns).

Strat the Sneak (Formicid Air Elementalist)         Turns: 3021, Time: 00:06:21

Health: -1/32      AC:  4    Str: 15    XL:     4   Next: 85%
Magic:  7/7        EV: 11    Int: 14    God:
Gold:   22         SH:  0    Dex: 11    Spells: 6/7 levels left

rFire   . . .      SeeInvis +   a - +0 flail
rCold   . . .      Faith    .   (no shield)
rNeg    . . .      Spirit   .   q - +0 leather armour
rPois   .          Reflect  .   (helmet unavailable)
rElec   .          Harm     .   (no cloak)
rCorr   .          Rampage  .   h - +0 pair of gloves
Will    .....                   (no boots)
Stlth   ++........              (no amulet)
HPRegen 0.10/turn               (no ring)
MPRegen 0.10/turn               (no ring)

@: mighty, lethally poisoned (-1 -> -12)
A: permanent stasis, dig shafts and tunnels, antennae 3, four strong arms
a: Dig, Shaft Self


You were on level 2 of the Dungeon.
You visited 1 branch of the dungeon, and saw 2 of its levels.

You collected 22 gold pieces.

Inventory:

Hand Weapons
 a - a +0 flail (weapon)
 b - a +0 hunting sling
 c - a +0 club
 f - a +0 dagger
Missiles
 d - 10 stones
Armour
 e - a +0 robe
 h - a +0 pair of gloves (worn)
 q - a +0 leather armour (worn)
Magical Staves
 i - a staff of earth
Scrolls
 g - a scroll of acquirement {unknown}
 k - a scroll of magic mapping {unknown}
 l - a scroll of teleportation {unknown}
 m - a scroll of fog {unknown}
 p - a scroll of amnesia {unknown}
Potions
 j - a potion of flight


   Skills:
 - Level 1.5 Fighting
 + Level 3.1 Maces & Flails
 - Level 1.7 Dodging
 - Level 3.3 Stealth
 - Level 2.1 Spellcasting
 - Level 0.8 Conjurations
 - Level 2.4 Air Magic


You had 6 spell levels left.
You knew the following spells:

 Your Spells              Type           Power      Damage    Failure   Level
a - Shock                 Conj/Air       24%        1d4       14%         1

Your spell library contained the following spells:

 Spells                   Type           Power      Damage    Failure   Level
 Static Discharge         Conj/Air       6%         N/A       22%         2
 Airstrike                Air            4%         N/A       71%         4
 Swiftness                Air            Unusable   N/A       N/A         3

Dungeon Overview and Level Annotations

Branches:
Dungeon (2/15)

Altars:


Innate Abilities, Weirdness & Mutations

You cannot be hasted, slowed, berserked, paralysed or teleported.
You can dig through walls and to a lower floor.
You have a pair of large antennae on your head. (SInv)
Your four strong arms can wield two-handed weapons with a shield.


Message History

The adder is moderately wounded.
You feel sick. The adder barely misses you. The adder closely misses you.
You barely miss the adder.
The adder is moderately wounded.
You feel sick. The adder misses you.
You miss the adder.
The adder is moderately wounded.
You feel sick. The adder closely misses you. The adder bites you.
* * * LOW HITPOINT WARNING * * *
You hit the adder but do no damage.
The adder is moderately wounded.
You feel sick.
You are no longer poisoned.
The adder bites you.
* * * LOW HITPOINT WARNING * * *
You are poisoned.
The adder poisons you! The adder bites you.
* * * LOW HITPOINT WARNING * * *
You are lethally poisoned!
The adder poisons you!
It was a potion of flight.
You feel very buoyant.
You fly up into the air.
* * * LOW HITPOINT WARNING * * *
You feel very sick. The adder bites you but does no damage.
It was a potion of cancellation.
Your magical effects are unravelling.
You feel magically purged.
You float gracefully downwards.
* * * LOW HITPOINT WARNING * * *
You feel sick. The adder bites you.
* * * LOW HITPOINT WARNING * * *
You are more poisoned.
The adder poisons you!
It was a potion of might.
You feel very mighty all of a sudden.
* * * LOW HITPOINT WARNING * * *
You feel very sick. The adder barely misses you.
The adder bites you but does no damage.
You die...

#.#
##.....##.#
##........#
..#
#.?..##.#
####.#####
.## ##.##.#
#...... .
#.##.#
####### .
#..#.# .
##.#.#
#.#.# #.#.#
#..@# ##..#
# #S.#
#####.#..#
....S..(>#
###.#.####
#. #


You could see an adder.

Vanquished Creatures
  A gnoll (D:1)
  An adder (D:2)
  2 worms (D:2)
  A dart slug (D:2)
  2 bats
  6 endoplasms
  A giant cockroach (D:1)
  6 goblins
  7 hobgoblins
  10 jackals
  5 quokkas
  3 ball pythons
  4 kobolds
  6 rats
55 creatures vanquished.

Notes
Turn   | Place    | Note
-------+----------+-------------------------------------------
     0 | D:1      | Strat the Formicid Air Elementalist began the quest for the
                  | Orb.
     0 | D:1      | Reached XP level 1. HP: 13/13 MP: 3/3
   330 | D:1      | Reached skill level 1 in Fighting
   330 | D:1      | Reached XP level 2. HP: 21/21 MP: 3/5
   884 | D:1      | Reached XP level 3. HP: 16/26 MP: 6/6
  1072 | D:1      | Reached skill level 1 in Maces & Flails
  2114 | D:2      | Reached XP level 4. HP: 32/32 MP: 7/7
  2552 | D:2      | Found a faded altar of an unknown god.
  3021 | D:2      | Succumbed to an adder's poison

Illustrated notes

Levels and vault maps discovered:
D:1:      psy_arrival_whirlpool, layout_loops_ring,
          corexii_item_surrounded_by_moat, hex_medium, palyth_stone_intersect
D:2:      layout_basic, hellmonk_ecumenical_altar_pennies_from_heaven

Skill      XL: |  1  2  3  4 |
---------------+-------------+-----
Fighting       | 1 |  1.5
Stealth        | 3 |  3.3
Maces & Flails | 2 3 |  3.1
Dodging        | |  1.7
Spellcasting   | |  2.1
Conjurations   | |  0.8
Air Magic      | |  2.4

Action                   |  1- 3 |  4- 6 || total
-------------------------+-------+-------++-------
Melee: Club              |     5 |       ||     5
       Dagger            |     5 |       ||     5
       Flail             |    80 |    66 ||   146
       Punch             |       |     1 ||     1
 Fire: Hunting sling     |       |    25 ||    25
 Cast: Shock             |    31 |     7 ||    38
  Use: Potion            |       |     3 ||     3
 Stab: Distracted        |     1 |       ||     1
       Sleeping          |     4 |     4 ||     8
Armor: Robe              |    24 |    12 ||    36
       Leather armour    |       |     7 ||     7
Dodge: Dodged            |    95 |    55 ||   150
